AoeStats
← Berkecan

Black Forest

510172762Analyzed
3v3 RM · 3d ago on Sep 29, 2026· 47m 49s· 6 players
Game mode
Random Map
Map size
Normal (6 player)
Population
200
Speed
Normal
Resources
Standard
Victory
Conquest
Starting age
Dark Age
Ending age
Imperial Age
RankedLock teamsTeams togetherTeam positionsShared explorationLock speedFull tech treeHidden civsTurbo modeCheats
Victory
Defeat
🇫🇷 Britons · France
720
+5
🇵🇪 Chinese · Peru
716
+5
🇺🇸 Burgundians · United States
693
+6
🇶🇦 Romans · Qatar
476
-6
🇹🇷 Bohemians · Türkiye
440
-6
🇮🇹 Chinese · Italy
389
-4
inno
0:28 Loom
15:54 Feudal Age
17:13 Wheelbarrow
16:22 Horse Collar
16:32 Double-Bit Axe
21:15 Gold Mining
21:35 Stone Mining
24:57 Castle Age
23:21 Forging
23:12 Scale Mail Armor
23:36 Scale Barding Armor
24:16 Fletching
24:27 Padded Archer Armor
25:54 Hand Cart
25:46 Heavy Plow
26:02 Bow Saw
28:28 Gold Shaft Mining
28:31 Stone Shaft Mining
30:51 Caravan
33:25 Pikeman
34:07 Squires
33:54 Arson
34:49 Iron Casting
34:30 Chain Mail Armor
34:36 Chain Barding Armor
34:12 Bodkin Arrow
34:32 Leather Archer Armor
35:50 Husbandry
36:04 Bloodlines
40:21 Imperial Age
41:08 Masonry
41:22 Ballistics
42:03 Chemistry
40:59 Murder Holes
41:16 Fortified Wall
40:54 Arrowslits
40:44 Cavalier
41:24 Heavy Rocket Cart
43:12 Halberdier
Berkecan
16:27 Feudal Age
18:15 Double-Bit Axe
24:52 Horse Collar
30:08 Castle Age
34:48 Husbandry
TheDon
0:37 Loom
16:22 Feudal Age
18:05 Wheelbarrow
17:33 Horse Collar
17:44 Double-Bit Axe
23:14 Castle Age
21:11 Stone Mining
21:12 Gold Mining
24:34 Hand Cart
24:22 Heavy Plow
24:39 Bow Saw
25:42 Gold Shaft Mining
34:25 Ballistas
37:42 Imperial Age
CHACAL
8:59 Horse Collar
9:08 Double-Bit Axe
14:20 Feudal Age
13:09 Gold Mining
13:33 Stone Mining
15:03 Heavy Plow
15:36 Bow Saw
21:11 Castle Age
21:26 Stone Shaft Mining
21:29 Gold Shaft Mining
21:46 Caravan
22:29 Crop Rotation
26:56 Coinage
28:10 Wheelbarrow
28:40 Two-Man Saw
29:59 Forging
32:23 Imperial Age
32:37 Imperial Age
33:08 Iron Casting
33:14 Ballistics
34:38 Chemistry
33:44 Siphons
36:09 Hand Cart
37:28 Banking
37:09 Guilds
37:14 Elite Coustillier
39:50 Blast Furnace
38:52 Scale Mail Armor
41:49 Chain Mail Armor
41:40 Scale Barding Armor
41:36 Arrowslits
44:25 Burgundian Vineyards
45:31 Cavalier
46:11 Husbandry
Xav314
2:19 Loom
11:31 Feudal Age
19:00 Castle Age
26:09 Imperial Age
27:49 Fishing Lines
28:02 Fletching
30:31 Padded Archer Armor
30:34 Gillnets
32:03 Conscription
31:54 Double-Bit Axe
32:47 Wheelbarrow
32:34 Bodkin Arrow
33:04 Bow Saw
33:58 Bracer
34:14 Leather Archer Armor
33:46 Treadmill Crane
34:31 Ballistics
34:50 Gold Mining
36:19 Chemistry
36:44 Ring Archer Armor
38:16 Hand Cart
38:12 Elite Longbowman
39:00 Warwolf
39:01 Caravan
43:07 Gold Shaft Mining
42:47 Siege Engineers
42:23 Treadmill Crane
42:40 Murder Holes
42:56 Masonry
44:34 Stone Mining
48:00 Architecture
47:13 Horse Collar
48:40 Two-Man Saw
ASTEROIDE B612
0:46 Loom
17:28 Feudal Age
17:59 Feudal Age
21:27 Stone Mining
23:48 Castle Age
22:20 Double-Bit Axe
24:07 Fletching
28:32 Bow Saw
29:07 Stone Shaft Mining
30:41 Squires
33:55 Thumb Ring
34:37 Gold Mining
35:27 Wheelbarrow
34:48 Horse Collar
37:16 Hand Cart
41:39 Imperial Age
40:09 Gold Shaft Mining
40:14 Heavy Plow
40:14 Bodkin Arrow
40:29 Forging
41:23 Padded Archer Armor
41:24 Scale Mail Armor
41:29 Scale Barding Armor
42:27 Bracer
43:03 Iron Casting
42:08 Capped Ram
43:19 Conscription
43:01 Great Wall
43:14 Padded Archer Armor
43:15 Scale Mail Armor
43:24 Scale Barding Armor
44:19 Town Watch
45:38 Blast Furnace
44:55 Leather Archer Armor
44:56 Chain Mail Armor
45:02 Siege Ram
45:03 Heavy Rocket Cart
46:05 Caravan
47:14 Ballistics
47:55 Chemistry
47:28 Plate Mail Armor
47:14 Pikeman
47:40 Arson
47:47 Arson
Connection lost

Rejoining the realm…

Still unreachable

The connection could not be restored.

Session expired

The server has moved on; the page needs a fresh start.